 Dungeon Crawl Stone Soup version 0.22.0-18-ge075c0d (webtiles) character file.

23 letownia2 the Insei (level 2, -1/22 HPs)
             Began as a Demonspawn Transmuter on Aug 18, 2018.
             Slain by a hobgoblin
             ... wielding a +0 club
              (4 damage)
             ... on level 2 of the Dungeon.
             The game lasted 00:01:24 (306 turns).

letownia2 the Insei (Demonspawn Transmuter)          Turns: 306, Time: 00:01:25

Health: -1/22      AC:  2    Str: 10    XL:     2   Next: 72%
Magic:  4/5        EV: 12    Int: 14    God:
Gold:   18         SH:  0    Dex: 13    Spells: 4/5 levels left

rFire    . . .     SeeInvis .     - Unarmed
rCold    . . .     Gourm    .   (no shield)
rNeg     . . .     Faith    .   b - +0 robe
rPois    .         Spirit   .   (helmet restricted)
rElec    .         Reflect  .   (no cloak)
rCorr    .         Harm     .   (no gloves)
MR       .....                  (boots currently unavailable)
Stlth    +.........             (no amulet)
HPRegen  0.07/turn              (no ring)
MPRegen  0.09/turn              (no ring)

@: appendage
A: horns 1, talons 3
a: End Transformation


You were on level 2 of the Dungeon.
You were not hungry.
You had grown temporary talons.
You visited 1 branch of the dungeon, and saw 2 of its levels.

You collected 18 gold pieces.

Inventory:

Missiles
 a - 12 arrows
Armour
 b - a +0 robe (worn)
Scrolls
 c - a scroll of remove curse {unknown}
 e - a scroll of teleportation {unknown}
 h - a scroll of immolation {unknown}
Potions
 f - a potion of flight {unknown}
 g - a potion of curing
Comestibles
 d - a ration


   Skills:
 + Level 2.0 Fighting
 - Level 1.7 Dodging
 + Level 3.2 Unarmed Combat
 - Level 2.0 Spellcasting
 - Level 1.7 Transmutations


You had 4 spell levels left.
You knew the following spells:

 Your Spells              Type           Power        Failure   Level  Hunger
a - Beastly Appendage     Tmut           #.....       12%         1    ##.....

Your spell library contained the following spells:

 Spells                   Type           Power        Failure   Level  Hunger
 Sticks to Snakes         Tmut           #.......     17%         2    ###....
 Spider Form              Tmut/Pois      #.........   45%         3    ####...
 Ice Form                 Ice/Tmut       #.......     86%         4    #####..
 Blade Hands              Tmut           #.........   97%         5    ######.


Dungeon Overview and Level Annotations

Branches:
Dungeon (2/15)

Altars:


Innate Abilities, Weirdness & Mutations

You have a pair of small horns on your head.
You have claws for feet.


Message History

You hit the dart slug. You headbutt the dart slug.
The dart slug is almost dead.
The dart slug barely misses you.
You punch the dart slug!
You kill the dart slug!
Found 24 arrows.
You see here a dart slug corpse.
A hobgoblin comes into view. It is wielding a club.
The hobgoblin shouts!
The hobgoblin moves out of view.
You see here a scroll labeled ECAACUSOITU.
h - a scroll labeled ECAACUSOITU
Casting: Beastly Appendage (safe; 12% risk of failure)
Confirm with . or Enter, or press ? or * to list all spells.
Your feet morph into talons.
You closely miss the hobgoblin. The hobgoblin closely misses you.
You hit the hobgoblin.
The hobgoblin is severely wounded.
The hobgoblin hits you with a club.
You die...

####...# .#
.......###.#
####....<..# #
##..##.#.##.####
###..........#....
.....†.....##.##.#
###....<...##.##.#
#.####.#.##.##.# #
#.# #.#.##.##@#.(#
#.####........g...#
..........†.##.#.##
#.####.#.........#
#.# #.####.##.#.#
#.# #......# ..#
####..... ###
##.... .. ##


You could see a hobgoblin.

Vanquished Creatures
  An adder (D:2)
  2 dart slugs
  A leopard gecko (D:1)
  A goblin (D:1)
  A hobgoblin (D:2)
  A kobold (D:1)
  A bat (D:1)
  A rat (D:1)
9 creatures vanquished.

Notes
Turn   | Place    | Note
-------+----------+-------------------------------------------
     0 | D:1      | letownia2 the Demonspawn Transmuter began the quest for the Orb.
     0 | D:1      | Reached XP level 1. HP: 15/15 MP: 3/3
   122 | D:1      | Reached skill level 3 in Unarmed Combat
   122 | D:1      | Gained mutation: You have a pair of small horns on your head. [demonic ancestry]
   122 | D:1      | Reached XP level 2. HP: 7/21 MP: 3/5
   306 | D:2      | Slain by a hobgoblin

Skill      XL: |  1  2 |
---------------+-------+-----
Unarmed Combat | 3 |  3.2
Fighting       | 2 |  2.0
Dodging        | |  1.7
Spellcasting   | |  2.0
Transmutations | |  1.7

Action                   || total
-------------------------++-------
Melee: Unarmed           ||    32
       Kick              ||     5
       Headbutt          ||     2
 Cast: Beastly Appendage ||     7
  Use: Potion            ||     1
Armor: Robe              ||     6
Dodge: Dodged            ||    16
